 Dungeon Crawl Stone Soup version 0.21.1-1-g345015f (webtiles) character file.

611 Fang the Chopper (level 7, 0/44 HPs)
             Began as a Gargoyle Berserker on June 5, 2018.
             Was a Priest of Trog.
             Killed by divine providence
             ... invoked by an orc priest
              (15 damage)
             ... on level 4 of the Dungeon.
             The game lasted 00:04:18 (3828 turns).

Fang the Chopper (Gargoyle Berserker)               Turns: 3828, Time: 00:04:19

Health: 0/44       AC:  7    Str: 22    XL:     7   Next: 44%
Magic:  7/7        EV: 13    Int:  8    God:    Trog [***...]
Gold:   199        SH:  0    Dex:  9    Spells: 6/6 levels left

rFire    . . .     SeeInvis .   a - +0 hand axe
rCold    . . .     Gourm    .   (no shield)
rNeg     + . .     Faith    .   b - +0 animal skin
rPois    ∞         Spirit   .   (no helmet)
rElec    +         Reflect  .   (no cloak)
rCorr    .         Harm     .   (no gloves)
MR       .....                  (no boots)
Stlth    +.........             (no amulet)
HPRegen  0.14/turn              (no ring)
MPRegen  0.10/turn              (no ring)

@: berserk cooldown, slowed, very slow
A: negative energy resistance 1, electricity resistance, unbreathing,
petrification resistance, rot immunity, AC +4
a: Berserk, Trog's Hand, Burn Spellbooks, Renounce Religion


You were on level 4 of the Dungeon.
You worshipped Trog.
Trog was most pleased with you.
You were hungry.

You visited 1 branch of the dungeon, and saw 4 of its levels.

You collected 199 gold pieces.

Inventory:

Hand Weapons
 a - a +0 hand axe (weapon)
Armour
 b - a +0 animal skin (worn)
Jewellery
 f - a +5 ring of evasion {unknown}
Wands
 m - a wand of flame (14)
Scrolls
 d - 3 scrolls of identify
 e - 2 scrolls of remove curse
 g - 2 scrolls of fear
 h - 2 scrolls of amnesia
 n - a scroll of magic mapping {unknown}
 o - a scroll of blinking {unknown}
Potions
 i - 2 potions of curing
 j - a potion of heal wounds {unknown}
 l - a potion of might {unknown}
Comestibles
 c - a ration


   Skills:
 + Level 5.2 Fighting
 + Level 5.9 Axes
 + Level 2.2 Armour
 + Level 3.2 Dodging
 + Level 1.2 Stealth


You had 6 spell levels left.
You didn't know any spells.

Dungeon Overview and Level Annotations

Branches:
Dungeon (4/15)
 Temple: D:4-7

Altars:

Portals:
Ossuary: D:4

Annotations:
D:4 Blork the orc


Innate Abilities, Weirdness & Mutations

You are resistant to torment.
Your stone body is resilient. (AC +4)
You are immune to poison.
You resist negative energy. (rN+)
You are resistant to electric shocks. (rElec)
You can survive without breathing.
You are immune to petrification.
You are immune to rotting.


Message History

As you read the scroll labeled GUDWAILUMA, it crumbles to dust.
You assume a fearsome visage.
Blork the orc looks frightened!
The orc priest looks frightened!
The leopard gecko looks frightened!
It was a scroll of fear.
Blork the orc yells at you, "GO AWAY!"
Blork the orc casts a spell.
Blork the orc flickers and vanishes!
Deactivating autopickup; reactivate with Ctrl-A.
An orc priest comes into view. It is wielding a hand axe.
As you read the scroll labeled HICEIF YMIER, it crumbles to dust.
It is a scroll of amnesia.
You feel forgetful for a moment. 2 orcs come into view.
An orc is wielding a hand axe of electrocution.
As you read the scroll labeled PASMIO GUUGE, it crumbles to dust.
You hear a loud clanging noise!
It was a scroll of noise.
The orc priest mumbles some strange prayers to Beogh against you.
Beogh smites you!
You die...

.......
#.#.#.#.##
..........#
..#..#..#.#
#..#..#...#
#..#..#..#
#..#..#.#
#..#..#...######
.......@.).....#
.###...#######.#
#... #.# ##


oo... ... #. .o#.##. #### #. #. # #o .. #.##. # .. #.##. .. #.##. #.##. You
could see 2 orc priests and 2 orcs.

Vanquished Creatures
  Menkaure (D:4)
  Edmund (D:4)
  A crimson imp (D:1)
  An orc wizard (D:3)
  3 worker ants
  4 gnolls (D:3)
  A howler monkey skeleton (D:4)
  8 adders
  3 worms (D:2)
  3 dart slugs
  4 leopard geckos
  15 orcs (D:3)
  7 bats
  7 giant cockroaches
  7 goblins
  9 hobgoblins
  9 kobolds
  A quokka (D:3)
  2 frilled lizards
  6 rats
93 creatures vanquished.

Notes
Turn   | Place    | Note
-------+----------+-------------------------------------------
     0 | D:1      | Fang the Gargoyle Berserker began the quest for the Orb.
     0 | D:1      | Reached XP level 1. HP: 14/14 MP: 1/1
   678 | D:1      | Reached XP level 2. HP: 20/20 MP: 2/2
   837 | D:1      | Reached XP level 3. HP: 23/24 MP: 3/3
  1138 | D:2      | Reached ** piety under Trog
  1257 | D:1      | Reached XP level 4. HP: 16/29 MP: 4/4
  1749 | D:2      | Reached XP level 5. HP: 29/34 MP: 5/5
  2316 | D:3      | Reached XP level 6. HP: 29/39 MP: 6/6
  2427 | D:3      | Reached *** piety under Trog
  2983 | D:3      | Reached skill level 5 in Axes
  3530 | D:4      | Noticed Menkaure
  3537 | D:4      | Killed Menkaure
  3537 | D:4      | Reached skill level 5 in Fighting
  3537 | D:4      | Reached skill level 1 in Stealth
  3537 | D:4      | Reached XP level 7. HP: 32/44 MP: 7/7
  3611 | D:4      | Found a sand-covered staircase.
  3792 | D:4      | Noticed Edmund
  3809 | D:4      | Killed Edmund
  3815 | D:4      | Noticed Blork the orc
  3828 | D:4      | Killed from afar by an orc priest

Skill      XL: |  1  2  3  4  5  6  7 |
---------------+----------------------+-----
Axes           | 3 4 5 |  5.9
Fighting       | 4 5 |  5.2
Dodging        | 2 3 |  3.2
Stealth        | 1 |  1.2
Armour         | |  2.2

Action                   |  1- 3 |  4- 6 |  7- 9 || total
-------------------------+-------+-------+-------++-------
Melee: Hand axe          |   142 |   207 |    34 ||   383
Invok: Berserk           |       |     3 |     1 ||     4
  Use: Scroll            |       |       |     5 ||     5
  Eat: Chunk             |     1 |     3 |     2 ||     6
       Ration            |       |     2 |       ||     2
Armor: Animal skin       |    42 |    65 |    13 ||   120
Dodge: Dodged            |    95 |   141 |    23 ||   259
